 Dungeon Crawl Stone Soup version 0.32-a0-558-g233958a (webtiles) character file.

Game seed: 14084101230039957486

16727 Dorkslayer the Grappler (level 12, 0/107 HPs)
             Began as a Troll Berserker on Feb 29, 2024.
             Was a High Priest of Trog.
             Splashed by a brown ugly thing's acid (10 damage)
             ... on level 11 of the Dungeon.
             The game lasted 00:26:32 (7702 turns).

Dorkslayer the Grappler (Troll Berserker)           Turns: 7702, Time: 00:26:32

Health: 0/107      AC:  4    Str: 32    XL:     12   Next: 12%
Magic:  9/9        EV: 19    Int:  2    God:    Trog [*****.]
Gold:   357        SH:  5    Dex: 18    Spells: 11/11 levels left

rFire   . .          .
                       - Unarmed
rCold   . . .        (no shield)
rNeg    . . .        D - +0 steam dragon scales
rPois   .            (helmet restricted)
rElec   .            m - +0 cloak {Stlth+}
rCorr   .            (gloves unavailable)
SInv    .            (boots unavailable)
Will    .....        B - amulet of reflection
Stlth   ++++         s - +5 ring of evasion
HPRegen 1.17/turn    d - +6 ring of dexterity
MPRegen 0.11/turn

%: reflection
@: corroded
A: large, unfitting armour, claws 3, regeneration 1, shaggy fur 1, tough skin 1,
low MP 1, strong 1
a: Renounce Religion, Berserk, Trog's Hand, Brothers in Arms


You were on level 11 of the Dungeon.
You worshipped Trog.
Trog was extremely pleased with you.
You visited 1 branch of the dungeon, and saw 11 of its levels.

You collected 633 gold pieces.
You spent 276 gold pieces at shops.

Inventory:

Hand Weapons
 t - the +1 dire flail of Icliunon {flame, rElec rC++}
   (Trog gifted it to you on level 9 of the Dungeon)

   rC++:      It greatly protects you from cold.
   rElec:     It insulates you from electricity.
 y - a +1 heavy war axe
Missiles
 a - 12 boomerangs
 c - 6 javelins
 f - 6 curare-tipped darts (quivered)
 E - a throwing net
Armour
 m - a +0 cloak of stealth (worn)
 D - +0 steam dragon scales (worn)
Jewellery
 d - a +6 ring of dexterity (right claw)
 k - a ring of flight
 s - a +5 ring of evasion (left claw)
 B - an amulet of reflection (around neck)
 C - a ring of see invisible
Talismans
 r - a blade talisman
Wands
 l - a wand of mindburst (5)
 p - a wand of light (4)
 v - a wand of paralysis (7)
 z - a wand of roots (8)
Scrolls
 e - 4 scrolls of teleportation
 g - 2 scrolls of fog
 q - 5 scrolls of immolation
 w - a scroll of summoning {unknown}
Potions
 h - 3 potions of heal wounds
 j - 3 potions of enlightenment
 n - a potion of haste
 o - 5 potions of curing
 u - 3 potions of brilliance
 x - a potion of magic
 A - a potion of mutation
Miscellaneous
 b - a box of beasts


   Skills:
 + Level 4.2 Fighting
 + Level 1.4 Throwing
 + Level 7.9 Dodging
 + Level 3.3 Stealth
 + Level 3.9 Shields
 + Level 11.7 Unarmed Combat
 * Level 5.8 Evocations
 * Level 7.3 Shapeshifting


You had 11 spell levels left.
You didn't know any spells.
Your spell library was empty.

Dungeon Overview and Level Annotations

Branches:
Dungeon (11/15)            Temple (0/1) D:6            Lair (0/5) D:10
    Orc: D:9-12

Altars:
Uskayaw
Vehumet

Shops:
D:8 !   D:9 :

Portals:
Abyss: D:9


Innate Abilities, Weirdness & Mutations

You are too large for most types of armour.
You have claws for hands.
Your natural rate of healing is unusually fast.
You are covered in fur. (AC +1)
You have tough skin. (AC +1)
Your magical capacity is low. (-10% MP)
Your muscles are strong. (Str +4, Int/Dex -1)


Message History

The centaur completely misses you.
You mangle the centaur!!
You kill the centaur!
Trog accepts your kill.
You barely miss the acid dragon. The acid dragon spits acid at you.
The splash of acid hits you!!
You hear a horrible gurgling sound!
You claw the acid dragon!
The acid dragon is heavily wounded.
The acid dragon spits acid at you. The splash of acid hits you!!
* * * LOW HITPOINT WARNING * * *
You mangle the acid dragon!!
You kill the acid dragon!
Trog accepts your kill.
The acid dragon scales are intact enough to wear.
Items here: )) [ ††.
Press: ? - help, v - describe, . - travel, g - get item
Items here: )) [ ††.
The floor, spattered with blood.
Unknown command.
A brown ugly thing comes into view.
Items here: )) [ ††.
You block the brown ugly thing's attack.
You mangle the brown ugly thing!!
The brown ugly thing is moderately wounded.
The brown ugly thing bites you!
* * * LOW HITPOINT WARNING * * *
The acid corrodes you!
You are splashed with acid.
* * * LOW HITPOINT WARNING * * *
You claw the brown ugly thing!
The brown ugly thing is heavily wounded.
The brown ugly thing bites you but does no damage.
You mangle the brown ugly thing!!
The brown ugly thing is almost dead.
The brown ugly thing bites you!
* * * LOW HITPOINT WARNING * * *
You are splashed with acid!
You die...

#.# #.# #.#
#.# ##.## #.#
........##.#
........#u.#
.........#@##
........###[#
#.>
.........#.##
#..
...........#
...
.....$..#<##
#.# ####.#.#
#.# #...# #.#
#..##
###.######
#>.#


You could see a brown ugly thing.

Vanquished Creatures
  A rakshasa (D:9)
  A two-headed ogre (D:8)
  The ghost of Zagger the Cleaver, a novice MDFi of Beogh (D:9)
  The ghost of alstnccchl the Cleaver, a novice MDFi of Beogh (D:7)
  An arcanist (D:9)
  An orc knight (D:10)
  A deep elf pyromancer (D:10)
  3 ugly things
  A toenail golem (D:9)
  A kobold demonologist (D:11)
  An unseen horror (D:11)
  4 trolls
  A hornet (D:10)
  A shadow (D:10)
  3 wraiths (D:10)
  27 yaks
  2 wyverns (D:10)
  A ynoxinul (D:9)
  2 basilisks (D:10)
  4 steam dragons
  2 acid dragons
  2 water moccasins
  A sky beast (D:7)
  An orc warrior (D:8)
  2 black bears (D:6)
  4 ice beasts
  5 centaurs
  A phantom (D:4)
  2 kobold brigands
  2 bullfrogs (D:7)
  2 gnoll sergeants (D:9)
  2 small abominations (D:9)
  3 scorpions (D:5)
  4 wights (D:8)
  8 killer bees
  3 howler monkeys
  A bombardier beetle (D:5)
  6 quasits (D:7)
  5 hounds
  3 orc priests
  A jelly (D:5)
  Crazy Yiuf (D:2)
  12 orc wizards
  Ijyb (D:3)
  An iguana (D:7)
  Robin (D:2)
  6 adders
  7 gnolls
  3 shadow imps
  4 white imps
  2 dart slugs (D:4)
  2 ribbon worms
  50 orcs
  6 endoplasms
  3 giant cockroaches
  8 goblins (D:2)
  8 hobgoblins
  10 jackals
  6 quokkas
  4 ball pythons
  4 bats
  3 frilled lizards
  11 kobolds
  A rat (D:3)
272 creatures vanquished.

Vanquished Creatures (others)
  A bullfrog (D:6)
1 creature vanquished.

Grand Total: 273 creatures vanquished

Notes
Turn   | Place    | Note
-------+----------+-------------------------------------------
     0 | D:1      | Dorkslayer the Troll Berserker began the quest for the Orb.
     0 | D:1      | Reached XP level 1. HP: 22/22 MP: 0/0
   270 | D:1      | Reached XP level 2. HP: 29/29 MP: 1/1
   894 | D:2      | Found a runed translucent door.
   895 | D:2      | Noticed Crazy Yiuf
   900 | D:2      | Killed Crazy Yiuf
   901 | D:2      | Reached XP level 3. HP: 36/36 MP: 2/2
  1178 | D:2      | Noticed Robin
  1188 | D:2      | Reached ** piety under Trog
  1194 | D:2      | Reached skill level 4 in Unarmed Combat
  1211 | D:2      | Killed Robin
  1212 | D:2      | Reached XP level 4. HP: 43/44 MP: 3/3
  1443 | D:3      | Found a faded altar of an unknown god.
  1503 | D:3      | Identified the +0 rapier of No Interval {freeze, Will++}
  1829 | D:3      | Noticed Ijyb
  1836 | D:3      | Paralysed by Ijyb for 2 turns
  1839 | D:3      | Paralysed by Ijyb for 5 turns
  1845 | D:3      | Killed Ijyb
  1846 | D:3      | Reached XP level 5. HP: 50/52 MP: 4/4
  2035 | D:4      | Reached *** piety under Trog
  2335 | D:4      | Found a hide-covered altar of Uskayaw.
  2448 | D:4      | Reached skill level 5 in Unarmed Combat
  2564 | D:4      | Reached XP level 6. HP: 59/59 MP: 5/5
  2607 | D:4      | Reached skill level 1 in Shapeshifting
  2614 | D:4      | Reached skill level 1 in Stealth
  2614 | D:4      | Reached skill level 1 in Evocations
  2772 | D:5      | Entered Level 5 of the Dungeon
  2900 | D:5      | Reached XP level 7. HP: 67/67 MP: 6/6
  3087 | D:5      | Reached **** piety under Trog
  3142 | D:5      | Reached skill level 6 in Unarmed Combat
  3408 | D:6      | Noticed a steam dragon
  3480 | D:6      | Reached skill level 1 in Throwing
  3481 | D:6      | Killed a steam dragon
  3482 | D:6      | Reached XP level 8. HP: 39/75 MP: 7/7
  3557 | D:6      | Found a staircase to the Ecumenical Temple.
  3642 | D:6      | Identified the +0 ring mail "Okhuzigg" {rN++}
  3868 | D:7      | Found a transporter.
  3873 | D:7      | Noticed alstnccchl's ghost (novice MDFi)
  3885 | D:7      | Found a transporter.
  3931 | D:7      | Killed alstnccchl's ghost
  3932 | D:7      | Reached skill level 5 in Dodging
  3932 | D:7      | Reached skill level 1 in Shields
  3932 | D:7      | Reached skill level 7 in Unarmed Combat
  3940 | D:7      | Reached XP level 9. HP: 64/83 MP: 8/8
  4202 | D:7      | Found a radiant altar of Vehumet.
  4665 | D:8      | Reached skill level 8 in Unarmed Combat
  4831 | D:8      | Reached XP level 10. HP: 91/92 MP: 9/9
  4890 | D:8      | Found Fijuonoev's Distillery.
  4904 | D:8      | Bought a potion of curing for 36 gold pieces
  4904 | D:8      | Bought a potion of might for 48 gold pieces
  4904 | D:8      | Bought a potion of magic for 96 gold pieces
  4904 | D:8      | Bought a potion of heal wounds for 60 gold pieces
  4904 | D:8      | Bought a potion of curing for 36 gold pieces
  4974 | D:8      | Reached ***** piety under Trog
  5070 | D:8      | Reached skill level 5 in Shapeshifting
  5220 | D:8      | Noticed a two-headed ogre
  5230 | D:8      | Killed a two-headed ogre
  5231 | D:8      | Reached skill level 9 in Unarmed Combat
  5462 | D:9      | Found Vipap's Self-Improvement Boutique.
  5584 | D:9      | Noticed a rakshasa
  5584 | D:9      | Noticed Zagger's ghost (novice MDFi)
  5585 | D:9      | Found a transporter.
  5585 | D:9      | Noticed a toenail golem
  5587 | D:9      | Noticed a red ugly thing
  5590 | D:9      | Noticed an arcanist
  5741 | D:9      | Reached XP level 11. HP: 63/98 MP: 10/10
  6023 | D:9      | Found a transporter.
  6178 | D:9      | Found a one-way gate to the infinite horrors of the Abyss.
  6200 | D:9      | Killed a rakshasa
  6201 | D:9      | Reached skill level 10 in Unarmed Combat
  6201 | D:9      | Reached skill level 5 in Evocations
  6212 | D:9      | Killed Zagger's ghost
  6218 | D:9      | Killed a red ugly thing
  6225 | D:9      | Killed an arcanist
  6252 | D:9      | Identified the +1 dire flail of Icliunon {flame, rElec
                  | rC++} (Trog gifted it to you on level 9 of the Dungeon)
  6252 | D:9      | Received a gift from Trog
  6325 | D:9      | Upgraded the game from 0.32-a0-543-gefe9712 to
                  | 0.32-a0-558-g233958a
  6327 | D:9      | Gained mutation: You passively map a small area around you.
                  | [potion of mutation]
  6327 | D:9      | Gained mutation: You are vulnerable to cold. (rC-) [potion
                  | of mutation]
  6327 | D:9      | Gained mutation: Your mind is acute. (Int +4, Str/Dex -1)
                  | [potion of mutation]
  6328 | D:9      | Lost mutation: You passively map a small area around you.
                  | [potion of mutation]
  6328 | D:9      | Lost mutation: You are vulnerable to cold. (rC-) [potion of
                  | mutation]
  6328 | D:9      | Gained mutation: Your magical capacity is low. (-10% MP)
                  | [potion of mutation]
  6328 | D:9      | Lost mutation: Your mind is acute. (Int +4, Str/Dex -1)
                  | [potion of mutation]
  6328 | D:9      | Gained mutation: Your muscles are strong. (Str +4, Int/Dex
                  | -1) [potion of mutation]
  6361 | D:10     | Entered Level 10 of the Dungeon
  6501 | D:10     | Found a large runed translucent door.
  6501 | D:10     | Found a large runed translucent door.
  6508 | D:10     | Noticed a brown ugly thing
  6508 | D:10     | Noticed an orc knight
  6508 | D:10     | Found the Hermit's Pendant {Faith Invo=14 Evo=0 MP+5}
  6519 | D:10     | Killed a brown ugly thing
  6520 | D:10     | Found a large runed translucent door.
  6520 | D:10     | Found a large runed translucent door.
  6529 | D:10     | Killed an orc knight
  6530 | D:10     | Reached skill level 11 in Unarmed Combat
  6671 | D:10     | Noticed a deep elf pyromancer
  6685 | D:10     | Killed a deep elf pyromancer
  6815 | D:10     | Noticed a purple ugly thing
  6834 | D:10     | Killed a purple ugly thing
  7044 | D:10     | Found a staircase to the Lair.
  7086 | D:10     | Reached XP level 12. HP: 107/107 MP: 9/9
  7702 | D:11     | Splashed by a brown ugly thing's acid

Illustrated notes

Levels and vault maps discovered:
D:1:      nzn_arrival_crosshair, layout_loops_ring
D:2:      layout_loops_ring, kennysheep_path_1, uniq_crazy_yiuf_cottage,
          uniq_robin
D:3:      layout_loops_ring, hellmonk_ecumenical_altar_blasted, uniq_ijyb
D:4:      layout_basic, lemuel_doored_altar
D:5:      layout_gridville
D:6:      layout_cave_pools, minmay_temple_entry_statues_pillars
D:7:      layout_basic, mainiacjoe_overflow_six_doors_small,
          gammafunk_ghost_stat_death, mrwooster_statue_mirror
D:8:      minmay_skewed_foursquare, layout_basic, serial_shops, shop,
          nicolae_figureground_pulse
D:9:      layout_roguey, gammafunk_ghost_abyssal_escape, nrook_campfire,
          nicolae_shop_self_help
D:10:     layout_stronghold, david_lair_generic, minmay_hollow_rounded_squares
D:11:     layout_loops_ring, orc_0_dummy, uniq_fannar, uniq_erolcha

Skill      XL: |  1  2  3  4  5  6  7  8  9 10 11 |
---------------+----------------------------------+-----
Unarmed Combat | 4 5 6 7 8 9 11 | 11.7
Dodging        | 3 4 5 6 7 |  7.9
Shapeshifting  | 1 2 3 4 6 7 |  7.3
Fighting       | 3 4 |  4.2
Stealth        | 1 2 3 |  3.3
Evocations     | 1 2 3 4 5 |  5.8
Throwing       | 1 |  1.4
Shields        | 1 2 3 |  3.9

Action                     |  1- 3 |  4- 6 |  7- 9 | 10-12 || total
---------------------------+-------+-------+-------+-------++-------
  Melee: Unarmed           |    65 |   170 |   235 |   396 ||   866
         Punch             |       |     5 |     8 |    29 ||    42
  Throw: Dart              |     1 |     6 |     2 |     4 ||    13
 Invoke: Berserk           |       |       |     2 |       ||     2
         Trog's Hand       |       |       |     1 |     2 ||     3
  Evoke: Wand              |       |       |       |     1 ||     1
    Use: Scroll            |       |     6 |     7 |     7 ||    20
         Potion            |       |       |     1 |     8 ||     9
   Stab: Sleeping          |     2 |     8 |     6 |     4 ||    20
         Invisible         |       |       |     2 |       ||     2
         Distracted        |       |       |       |     2 ||     2
 Armour: Animal skin       |    47 |   114 |   154 |    11 ||   326
         Steam dragon scal |       |       |       |   156 ||   156
  Dodge: Dodged            |    55 |   147 |   290 |   248 ||   740
  Block: Other             |       |       |    59 |    80 ||   139
         Reflection        |       |       |       |     3 ||     3

Table legend: (Time is in decaauts)
 A = Elapsed time spent in this place.
 B = Non-inter-level travel time spent in this place.
 C = Inter-level travel time spent in this place.
 D = Time resting spent in this place.
 E = Time spent auto-exploring this place.
 F = Levels seen in this place.
 G = Mean time per level.
                   A        B        C        D        E       F      G
               +--------+--------+--------+--------+--------+-----+--------+
         Total |   7591 |   7591 |      0 |      2 |   3520 |  11 |  690.1 |
       Dungeon |   7591 |   7591 |      0 |      2 |   3520 |  11 |  690.1 |
               +--------+--------+--------+--------+--------+-----+--------+

Top non-repeatable levels by time:
    D:10: 1020 daAuts
     D:8: 928 daAuts
     D:9: 871 daAuts
     D:4: 765 daAuts
     D:1: 737 daAuts
     D:2: 655 daAuts
     D:7: 652 daAuts
     D:5: 621 daAuts
     D:3: 595 daAuts
     D:6: 450 daAuts
    D:11: 294 daAuts
